cohdb
Replays
Latest Replays
All Replays
Popular Replays
Top Player Replays
Match Explorer
How It Works
Community
CoH3 Stats
Reddit
Sign in to upload your games and track your stats! →
Sign in with Steam
Match 43485301
Unlisted
Match 43485301
Overview
Messages
Build Orders
End
Construct Infanterie Kompanie
Pioneer Squad
MG 42 Machine Gun Team
MG 42 Machine Gun Team
GrW 34 Mortar Team
Grenadier Squad
Construct Luftwaffe Kompanie
Jäger Squad
Pioneer Squad
Jäger Squad
Medical Bunker
嫂子开门我是我哥
皮皮
JT
只出曲线
NoName
okinawa
昌江县县委书记
Zannen
0
0
Comments
sign in to comment!
No comments posted yet!